 Dungeon Crawl Stone Soup version 0.23.0 (webtiles) character file.

Game seed: 12957467566191793847

218 Murks the Sneak (level 5, -1/39 HPs)
             Began as an Octopode Assassin on Feb 18, 2019.
             Slain by Ijyb
             ... wielding a +3 club
              (5 damage)
             ... on level 3 of the Dungeon.
             The game lasted 00:07:14 (2491 turns).

Murks the Sneak (Octopode Assassin)                 Turns: 2491, Time: 00:07:20

Health: -1/39      AC: -3    Str: 11    XL:     5   Next: 95%
Magic:  5/5        EV: 13    Int: 13    God:
Gold:   103        SH:  0    Dex: 14    Spells: 4/4 levels left

rFire    . . .     SeeInvis .   b - +0 scythe
rCold    . . .     Gourm    .   (shield currently unavailable)
rNeg     . . .     Faith    .   (helmet restricted)
rPois    .         Spirit   .   (no amulet)
rElec    .         Reflect  .   (no ring)
rCorr    .         Harm     .   (no ring)
MR       .....                  (no ring)
Stlth    ++++......             (no ring)
HPRegen  0.13/turn              (no ring)
MPRegen  0.09/turn              (no ring)
                                (no ring)
                                (no ring)

@: corroded
A: almost no armour, stealthy swim, amphibious, 8 rings, constrict 8, camouflage
1, gelatinous body 1
a: no special abilities


You were on level 3 of the Dungeon.
You were not hungry.

You visited 1 branch of the dungeon, and saw 3 of its levels.

You collected 103 gold pieces.

Inventory:

Hand Weapons
 a - a +2 dagger
 b - a +0 scythe (weapon)
 y - a +0 blowgun
Missiles
 c - 8 poisoned needles
 d - 2 curare-tipped needles
 e - 14 sling bullets
 h - 45 stones (quivered)
 r - 3 tomahawks
Jewellery
 j - an uncursed ring of protection from fire {unknown}
 k - an uncursed amulet of the gourmand {unknown}
 v - an uncursed ring of protection from fire {unknown}
 w - an uncursed ring of protection from cold {unknown}
Scrolls
 g - a scroll of magic mapping {unknown}
 m - a scroll of amnesia {unknown}
 p - a scroll of enchant armour {unknown}
 s - 4 scrolls of teleportation
 t - a scroll of remove curse {unknown}
 u - 2 scrolls of identify {unknown}
Potions
 i - a potion of resistance {unknown}
 l - a potion of invisibility {unknown}
 n - 2 potions of mutation {unknown}
 o - a potion of lignification {unknown}
 q - 2 potions of curing {unknown}
Comestibles
 f - 4 rations
 x - 4 chunks of flesh


   Skills:
 - Level 5.0 Fighting
 - Level 3.0 Short Blades
 * Level 0.7 Polearms
 - Level 2.0 Throwing
 - Level 1.0 Dodging
 - Level 6.0 Stealth


You had 4 spell levels left.
You didn't know any spells.
Your spell library was empty.

Dungeon Overview and Level Annotations

Branches:
Dungeon (3/15)

Altars:
Fedhas

Annotations:
D:2 exclusion: oklob plant
D:3 Ijyb


Innate Abilities, Weirdness & Mutations

You cannot wear most types of armour.
You are very stealthy in the water. (Stealth+)
You are amphibious.
You can wear up to eight rings at the same time.
You can use your tentacles to constrict eight enemies at once.
Your skin changes colour to match your surroundings (Stealth+).
Your rubbery body absorbs attacks. (AC +1, EV +1)


Message History

Ijyb the Twisted Goblin comes into view.
She is wielding a +3 club and carrying a wand of acid (4).
Found a helmet.
Ijyb shouts!
You hear a shout!
A goblin comes into view.
You barely miss Ijyb. You grab Ijyb. You constrict Ijyb.
Ijyb zaps a wand.
The bolt of acid hits you! The acid corrodes you!
You are splashed with acid!!
* * * LOW HITPOINT WARNING * * *
Ijyb hits you with a +3 club.
* * * LOW HITPOINT WARNING * * *
You hit Ijyb. You squeeze Ijyb, but do no damage.
Ijyb is lightly wounded.
You constrict Ijyb, but do no damage. Ijyb hits you but does no damage.
You hit Ijyb but do no damage. You squeeze Ijyb, but do no damage.
Ijyb is lightly wounded.
You constrict Ijyb.
Ijyb screams, "It's all mine!"
Ijyb hits you with a +3 club.
* * * LOW HITPOINT WARNING * * *
Ijyb hits you with a +3 club.
You die...

## ..# ###...###
###############@g.....#
##.....................#
##.######...#..#...g...#
...........###.###...###
##.#####....#..# .[...
#.# #..#...## #..##.
##.# #..##...# ..# .#.#
#..##.#.# ..# .#.#
#..##.#.#


You could see Ijyb and a goblin.

Vanquished Creatures
  Sigmund (D:3)
  3 worms
  2 dart slugs
  2 leopard geckos
  6 hobgoblins
  A quokka (D:2)
  5 bats
  3 frilled lizards
  9 goblins
  4 kobolds
  7 rats
  A plant (D:2)
44 creatures vanquished.

Notes
Turn   | Place    | Note
-------+----------+-------------------------------------------
     0 | D:1      | Murks the Octopode Assassin began the quest for the Orb.
     0 | D:1      | Reached XP level 1. HP: 14/14 MP: 1/1
   385 | D:1      | Reached XP level 2. HP: 15/19 MP: 2/2
  1132 | D:2      | Reached skill level 6 in Stealth
  1158 | D:2      | Reached XP level 3. HP: 21/24 MP: 3/3
  1544 | D:2      | Found a blossoming altar of Fedhas.
  1563 | D:2      | Noticed an oklob plant
  2169 | D:3      | Noticed Sigmund
  2178 | D:3      | Killed Sigmund
  2178 | D:3      | Reached XP level 4. HP: 22/34 MP: 4/4
  2178 | D:3      | Reached XP level 5. HP: 24/38 MP: 5/5
  2180 | D:3      | Reached skill level 5 in Fighting
  2485 | D:3      | Noticed Ijyb
  2491 | D:3      | Slain by Ijyb

Skill      XL: |  1  2  3  4  5 |
---------------+----------------+-----
Stealth        | 6 |  6.0
Short Blades   | 3 |  3.0
Fighting       | 4 5 |  5.0
Polearms       | |  0.7
Throwing       | |  2.0
Dodging        | |  1.0

Action                   |  1- 3 |  4- 6 || total
-------------------------+-------+-------++-------
Melee: Dagger            |    69 |     4 ||    73
       Tentacles         |    14 |     3 ||    17
       Constrict         |    13 |     2 ||    15
       Scythe            |       |     9 ||     9
  Use: Scroll            |     1 |       ||     1
 Stab: Sleeping          |    15 |     6 ||    21
  Eat: Chunk             |     3 |     2 ||     5
Armor: Skin              |     3 |     1 ||     4
Dodge: Dodged            |    14 |     1 ||    15
